 Dungeon Crawl Stone Soup version 0.24-a0-581-gc0fa6600bf (webtiles) character file.

Game seed: 955067660264995696

382 MisterOstroum the Skirmisher (level 6, -3/51 HPs)
             Began as a Vampire Skald on Aug 25, 2019.
             Was a Follower of Nemelex Xobeh.
             Shot with an arrow by a centaur (13 damage)
             ... on level 5 of the Dungeon.
             The game lasted 00:18:26 (3501 turns).

MisterOstroum the Skirmisher (Vampire Skald)        Turns: 3501, Time: 00:18:27

Health: -3/51      AC:  3    Str: 10    XL:     6   Next: 47%
Magic:  7/9        EV: 12    Int: 16    God:    Nemelex Xobeh [*.....]
Gold:   206        SH:  0    Dex: 15    Spells: 3/9 levels left

rFire    . . .     SeeInvis +   q - +2 dagger (elec)
rCold    . . .     Gourm    .   (no shield)
rNeg     . . .     Faith    .   b - +0 leather armour
rPois    .         Spirit   .   (no helmet)
rElec    .         Reflect  .   (no cloak)
rCorr    .         Harm     .   (no gloves)
MR       .....                  (no boots)
Stlth    +.........             (no amulet)
HPRegen  0.37/turn              (no ring)
MPRegen  0.11/turn              (no ring)

@: regenerating quickly
A: no food, fangs 3, see invisible, unbreathing
a: Exsanguinate, Draw Escape, Draw Destruction, Draw Summoning, Renounce
Religion


You were on level 5 of the Dungeon.
You worshipped Nemelex Xobeh.
Nemelex Xobeh was aware of your devotion.
You were alive.

You visited 1 branch of the dungeon, and saw 5 of its levels.

You collected 206 gold pieces.

Inventory:

Hand Weapons
 a - a +0 spear
 q - a +2 dagger of electrocution (weapon)
Missiles
 h - 78 stones (quivered)
 r - 5 boomerangs
Armour
 b - a +0 leather armour (worn)
 l - a +0 ring mail
 m - a +0 scale mail
Wands
 t - a wand of random effects (15)
Scrolls
 c - 2 scrolls of fear {unknown}
 d - 4 scrolls of identify {unknown}
 f - 4 scrolls of teleportation {unknown}
 g - 3 scrolls of remove curse {unknown}
 k - a scroll of enchant armour {unknown}
 o - a scroll of fog {unknown}
Potions
 e - a potion of resistance {unknown}
 i - a potion of heal wounds {unknown}
 j - a potion of invisibility
 n - 2 potions of mutation {unknown}
 p - a potion of agility {@q5 !q}
 s - a potion of cancellation {unknown}
 u - a potion of magic {unknown}


   Skills:
 - Level 5.1 Fighting
 - Level 3.2 Polearms
 - Level 0.7 Armour
 - Level 2.1 Dodging
 - Level 2.0 Spellcasting
 + Level 3.5 Hexes
 + Level 3.3 Charms


You had 3 spell levels left.
You knew the following spells:

 Your Spells              Type           Power        Failure   Level  Hunger
a - Infusion              Chrm           ##..         7%          1    N/A
b - Song of Slaying       Chrm           ##......     11%         2    N/A
c - Spectral Weapon       Hex/Chrm       ##......     21%         3    N/A

Your spell library contained the following spells:

 Spells                   Type           Power        Failure   Level  Hunger
 Shroud of Golubria       Chrm/Tloc      #.....       22%         2    N/A
 Regeneration             Chrm/Necr      #.........   38%         3    N/A

Dungeon Overview and Level Annotations

Branches:
Dungeon (5/15)
 Temple: D:4-7

Altars:
Fedhas
Nemelex Xobeh
Ru
Uskayaw
Vehumet

Annotations:
D:2 1 runed translucent door, Crazy Yiuf


Innate Abilities, Weirdness & Mutations

You do not eat.
Your natural rate of healing is unusually fast.
You have razor-sharp teeth.
You have supernaturally acute eyesight. (SInv)
You can survive without breathing.


Message History

You throw a stone.
The stone hits the jackal but does no damage.
You hit the jackal.
The jackal is moderately wounded.
The jackal misses you.
You hit the jackal.
You kill the jackal!
Throwing (i - inventory. (/) - cycle)
h - 77 stones (quivered)
Press: ? - help, Shift-Dir - straight line, f - jackal
Aim: a jackal (hasn't noticed you)
You throw a stone. The jackal barks!
The stone hits the jackal but does no damage.
You closely miss the jackal.
Your magical infusion is running out.
The jackal barely misses you.
The jackal bites you but does no damage.
You closely miss the jackal. The jackal closely misses you.
You hit the jackal.
The jackal is moderately wounded.
The jackal completely misses you. The jackal barely misses you.
You hit the jackal. Lightning courses through the jackal!
You kill the jackal!
No target in view!
No target in view!
No target in view!
No target in view!
No target in view!
No target in view!
No target in view!
You are no longer magically infusing your attacks.
Magic restored.
Things that are here:
a jackal corpse x2
h - 78 stones (gained 2)
Found 17 bolts.
You see here 17 bolts.
Found a ration.
You open the door.
Found a ration.
Found a quarterstaff.
There is an open door here.
An adder comes into view.
An adder is nearby!
Casting: Infusion (safe; 8% risk of failure)
Confirm with . or Enter, or press ? or * to list all spells.
You begin infusing your attacks with magical energy.
The adder hisses angrily.
The adder bites you but does no damage.
You barely miss the adder. The adder misses you.
You hit the adder.
The adder is heavily wounded.
The adder closely misses you.
You hit the adder! Lightning courses through the adder!
You kill the adder!
No target in view!
No target in view!
No target in view!
No target in view!
No target in view!
Your magical infusion is running out.
You are no longer magically infusing your attacks.
Nemelex Xobeh deals you some cards!
You now have 3 escape cards, 13 destruction cards and 5 summoning cards.
An ogre comes into view. It is wielding a -1 giant spiked club.
The ogre shouts!
Found a murky dark potion.
Found a hide-covered altar of Uskayaw.
You see here an adder corpse.
Casting: Infusion (safe; 7% risk of failure)
Confirm with . or Enter, or press ? or * to list all spells.
You draw out your weapon's spirit!
Casting: Spectral Weapon (safe; 21% risk of failure)
Confirm with . or Enter, or press ? or * to list all spells.
You begin infusing your attacks with magical energy.
You hit the ogre.
The ogre is lightly wounded.
Your spectral weapon hits the ogre but does no damage.
The ogre hits your spectral weapon with a cursed -1 giant spiked club!!
Your spectral weapon shares its damage with you!
Your spectral weapon fades away.
The ogre shouts!
You hit the ogre!
The ogre is moderately wounded.
The ogre hits you with a cursed -1 giant spiked club!!
The ogre hits you with a cursed -1 giant spiked club!
* * * LOW HITPOINT WARNING * * *
Your magical infusion is running out.
You are no longer magically infusing your attacks.
There is a stone staircase leading down here.
You climb downwards.
A centaur comes into view.
Found a whip.
There is a stone staircase leading up here.
The centaur wields a +0 shortbow.
The centaur shoots an arrow.
The arrow hits you!
* * * LOW HITPOINT WARNING * * *
You see here an arrow.
The centaur shoots an arrow.
The arrow hits you!
You die...
Your body disappears without a glow.

.. .#8. ..... ...
..c .... .... 8.
..... ....##.### .
... .........#.#
#.# .........#.#
#.# ...........#
#.#
.......<(#####@###
)........c.......#
.........####..###
##.......# ...#
.........# ..###
##.......##..
#.......##.#
#.......##.
..###.. ..


You could see a centaur.

Vanquished Creatures
  Grinder (D:3)
  An orc priest (D:2)
  2 orc wizards
  3 adders
  2 oozes
  2 worms (D:2)
  2 dart slugs (D:1)
  13 orcs
  6 goblins
  5 hobgoblins
  8 jackals
  5 bats
  4 kobolds
  6 rats
60 creatures vanquished.

Vanquished Creatures (others)
  A spectral weapon (D:4)
1 creature vanquished.

Grand Total: 61 creatures vanquished

Notes
Turn   | Place    | Note
-------+----------+-------------------------------------------
     0 | D:1      | MisterOstroum the Vampire Skald began the quest for the
                  | Orb.
     0 | D:1      | Reached XP level 1. HP: 16/16 MP: 3/3
   201 | D:1      | Reached skill level 2 in Fighting
   201 | D:1      | Reached XP level 2. HP: 17/22 MP: 0/5
   972 | D:2      | Found a sparkling altar of Nemelex Xobeh.
   973 | D:2      | Found a blossoming altar of Fedhas.
   974 | D:2      | Became a worshipper of Nemelex Xobeh the Trickster
   976 | D:2      | Received a gift from Nemelex Xobeh
  1003 | D:2      | Reached XP level 3. HP: 28/28 MP: 0/6
  1038 | D:2      | Learned a level 2 spell: Song of Slaying
  1042 | D:2      | Learned a level 3 spell: Spectral Weapon
  1161 | D:2      | Reached skill level 1 in Hexes
  1701 | D:2      | Reached XP level 4. HP: 22/34 MP: 2/7
  2115 | D:2      | Found a runed translucent door.
  2116 | D:2      | Noticed Crazy Yiuf
  2206 | D:3      | Reached skill level 3 in Fighting
  2375 | D:3      | Reached XP level 5. HP: 35/41 MP: 2/8
  2514 | D:3      | Found a radiant altar of Vehumet.
  2514 | D:3      | Found a sacrificial altar of Ru.
  2811 | D:3      | Received a gift from Nemelex Xobeh
  2848 | D:3      | Noticed Grinder
  2887 | D:3      | Killed Grinder
  2887 | D:3      | Reached skill level 5 in Fighting
  2887 | D:3      | Reached XP level 6. HP: 37/51 MP: 3/9
  2952 | D:3      | Reached * piety under Nemelex Xobeh
  3461 | D:4      | Found a hide-covered altar of Uskayaw.
  3461 | D:4      | Received a gift from Nemelex Xobeh
  3494 | D:5      | Entered Level 5 of the Dungeon
  3501 | D:5      | Shot with an arrow by a centaur

Levels and vault maps discovered:
D:1:      psy_arrival_radial01, layout_basic
D:2:      layout_rooms, fedhas_altar_2, overflow_temple_1_default,
          uniq_crazy_yiuf_cottage
D:3:      layout_loops_ring, gammafunk_temple_overflow_elements, uniq_grinder
D:4:      layout_basic, eat_drink_and_be_merry_uskayaw, first_ration,
          minmay_door_square, uniq_ijyb, uniq_blork_the_orc
D:5:      layout_rooms, small_statue_intersection

Skill      XL: |  1  2  3  4  5 |
---------------+----------------+-----
Fighting       | 2 3 5 |  5.1
Polearms       | 2 3 |  3.2
Hexes          | 3 |  3.5
Armour         | |  0.7
Dodging        | |  2.1
Spellcasting   | |  2.0
Charms         | |  3.3

Action                   |  1- 3 |  4- 6 || total
-------------------------+-------+-------++-------
Melee: Spear             |   109 |   101 ||   210
       Bite              |     8 |    10 ||    18
       Dagger            |       |    18 ||    18
Throw: Stone             |       |    15 ||    15
 Cast: Infusion          |    16 |    10 ||    26
       Spectral Weapon   |     1 |     2 ||     3
Armor: Leather armour    |    14 |     3 ||    17
       Scale mail        |       |    28 ||    28
Dodge: Dodged            |    54 |    43 ||    97

Table legend:
 A = Non-vault XP
 B = Vault XP
 C = Vault XP percentage of total XP
 D = Non-vault monster count
 E = Vault monster count
 F = Vault count percentage of total count
                 A         B        C        D         E       F
            +---------+---------+-------+---------+---------+-------
      Total |     275 |     272 |  49.7 |      59 |       1 |   1.7
            +---------+---------+-------+---------+---------+-------
        D:1 |      35 |       0 |   0.0 |      15 |       0 |   0.0
        D:2 |     127 |       0 |   0.0 |      18 |       0 |   0.0
        D:3 |      92 |     272 |  74.7 |      21 |       1 |   4.5
        D:4 |      21 |       0 |   0.0 |       5 |       0 |   0.0
            +---------+---------+-------+---------+---------+-------
